 Dungeon Crawl Stone Soup version 0.30-a0-159-g068b764562 (webtiles) character file.

Game seed: 8812264386526324484

2882 zishaf the Scholar of Death (level 10, 0/80 HPs)
             Began as a Human Necromancer on Sept 27, 2022.
             Was a Follower of Kikubaaqudgha.
             Slain by a gnoll
             ... wielding a +0 trident
              (9 damage)
             ... in a bailey.
             The game lasted 00:16:28 (9004 turns).

zishaf the Scholar of Death (Human Necromancer)     Turns: 9004, Time: 00:16:28

Health: 0/80       AC: 19    Str:  9    XL:     10   Next: 5%
Magic:  2/14       EV: 10    Int: 27    God:    Kikubaaqudgha [*.....]
Gold:   306        SH:  5    Dex: 14    Spells: 7/15 levels left

rFire   + . .      SeeInvis .    c - +0 short sword
rCold   . . .      Faith    +    e - +0 buckler
rNeg    . . .      Spirit   .    C - +4 ring mail of the Orcish Mines {Int+4}
rPois   +          Reflect  .    p - +1 helmet
rElec   .          Harm     .    (no cloak)
rCorr   .          Rampage  .    (no gloves)
Will    .....                    n - +3 pair of mountain boots {steadfast, rC+}
Stlth   +.........               h - amulet of faith
HPRegen 0.23/turn                j - ring of Nelakure {Fire rPois Int+4 Slay+3}
MPRegen 0.14/turn                y - +4 ring of protection

@: no status effects
A: no striking features
a: Renounce Religion, Unearth Wretches


You were in a bailey.
You worshipped Kikubaaqudgha.
Kikubaaqudgha was aware of your devotion.
You visited 2 branches of the dungeon, and saw 8 of its levels.
You also visited: Bailey.

You collected 306 gold pieces.

Inventory:

Hand Weapons
 c - a +0 short sword (weapon)
Missiles
 d - 5 javelins
 q - 9 poisoned darts (quivered)
Armour
 e - a +0 buckler (worn)
 n - the +3 pair of mountain boots (worn) {steadfast, rC+}
   (You found it on level 2 of the Dungeon)

   It prevents involuntary movement, except for blinking, teleportation, or
   banishment.
   rC:        It protects you from cold.
 p - a +1 helmet (worn)
 z - a +2 leather armour of fire resistance
 C - the +4 ring mail of the Orcish Mines (worn) {Int+4}
   (You found it on level 7 of the Dungeon)

   Int:       It affects your intelligence (+4).
Jewellery
 f - a ring of wizardry
 h - an amulet of faith (around neck)
 j - the ring of Nelakure (left hand) {Fire rPois Int+4 Slay+3}
   (You found it on level 2 of the Dungeon)

   [ring of fire]

   It enhances your fire magic.
   Int:       It affects your intelligence (+4).
   Slay:      It affects your accuracy & damage with ranged weapons and melee
   (+3).
   rF:        It protects you from fire.
   rC:        It makes you vulnerable to cold.
   rPois:     It protects you from poison.
 y - a +4 ring of protection (right hand)
Wands
 b - a wand of acid (3)
Scrolls
 g - a scroll of enchant armour
 l - 7 scrolls of magic mapping
 r - a scroll of amnesia
 s - 2 scrolls of teleportation
 u - 2 scrolls of identify
 w - a scroll of butterflies
 x - 3 scrolls of blinking
Potions
 i - a potion of resistance
 k - 2 potions of heal wounds
 m - a potion of ambrosia
 o - 4 potions of curing
 t - a potion of haste
 A - a potion of degeneration {unknown}
 B - a potion of mutation {unknown}


   Skills:
 + Level 8.3 Fighting
 - Level 2.0 Dodging
 - Level 2.0 Stealth
 - Level 5.0 Shields
 - Level 3.0 Spellcasting
 + Level 9.3 Necromancy
 + Level 0.5 Evocations


You had 7 spell levels left.
You knew the following spells:

 Your Spells              Type           Power      Damage    Failure   Level
a - Necrotise             Necr           100%       1d9       1%          1
b - Vampiric Draining     Necr           53%        2d9       1%          3
A - Animate Dead          Necr           53%        N/A       7%          4

Your spell library contained the following spells:

 Spells                   Type           Power      Damage    Failure   Level
 Sublimation of Blood     Necr           53%        N/A       1%          2
 Kiss of Death            Conj/Necr      100%       2d13      4%          1
 Agony                    Necr           53%        N/A       19%         5
 Call Imp                 Summ           4%         N/A       43%         2
 Frozen Ramparts          Ice            8%         1d2       67%         3
 Summon Guardian Golem    Hex/Summ       4%         N/A       67%         3
 Airstrike                Air            2%         2d(1-17)  97%         4
 Ice Form                 Ice/Tmut       4%         N/A       97%         4
 Iskenderun's Mystic Bla  Conj/Tloc      4%         2d3       97%         4
 Summon Ice Beast         Ice/Summ       4%         N/A       97%         4
 Summon Lightning Spire   Summ/Air       4%         N/A       97%         4
 Lightning Bolt           Conj/Air       2%         1d13      100%        5
 Orb of Destruction       Conj           2%         9d5       100%        7
 Spellforged Servitor     Conj/Summ      2%         N/A       100%        7


Dungeon Overview and Level Annotations

Branches:
Dungeon (7/15)             Temple (1/1) D:7          Bailey (1/1)

Altars:
Ashenzari
Elyvilon
Gozag
Hepliaklqana
Kikubaaqudgha
Nemelex Xobeh
Okawaru
Qazlal
Ru
Uskayaw
Vehumet
Wu Jian
Zin
The Shining One

Annotations:
D:6 dig vault


Message History

You hit the gnoll but do no damage. You block the gnoll's attack.
You hit the gnoll.
The gnoll is lightly wounded.
The gnoll closely misses you.
You barely miss the gnoll.
The gnoll is lightly wounded.
The gnoll misses you.
You closely miss the gnoll.
The gnoll is lightly wounded.
You block the gnoll's attack.
You hit the gnoll but do no damage.
The gnoll is lightly wounded.
You block the gnoll's attack.
You hit the gnoll but do no damage.
The gnoll is lightly wounded.
You block the gnoll's attack.
You hit the gnoll but do no damage.
The gnoll is lightly wounded.
The gnoll misses you. You block the gnoll's attack.
You hit the gnoll but do no damage.
The gnoll is lightly wounded.
The gnoll closely misses you.
You hit the gnoll but do no damage.
The gnoll is lightly wounded.
You block the gnoll's attack.
You closely miss the gnoll.
The gnoll is lightly wounded.
The gnoll barely misses you.
You hit the gnoll.
The gnoll is moderately wounded.
The gnoll hits you with a +0 trident!
* * * LOW HITPOINT WARNING * * *
You hit the gnoll but do no damage.
The gnoll is moderately wounded.
The gnoll barely misses you.
You hit the gnoll but do no damage.
The gnoll is moderately wounded.
The gnoll hits you with a +0 trident!
You die...
Kikubaaqudgha rasps: "You have failed me!
Welcome... death!"

######+++######
...............
...............
≈≈≈≈≈≈...≈≈≈≈≈≈
...............
...........♣
♣.......♣ ♣.g.♣
♣♣@♣♣ ♣†♣ ♣∩♣
###


You could see a gnoll.

Vanquished Creatures
  Sigmund (D:2)
  Eustachio (D:5)
  A water moccasin (D:7)
  Duvessa (D:5)
  3 orc warriors
  A sky beast (D:6)
  A black bear (D:5)
  A centaur (D:6)
  2 ogres
  4 bullfrogs
  A necrophage (D:7)
  5 scorpions
  2 wights (D:7)
  Dowan (D:5)
  A jelly (D:7)
  A gnoll bouda (D:7)
  4 orc priests
  6 hounds
  Jessica (D:3)
  Natasha (thrice) (D:2)
  Terence (D:3)
  5 orc wizards
  2 gnolls
  6 adders
  2 shadow imps (D:4)
  2 white imps
  An ufetubus (D:5)
  3 dart slugs
  22 orcs
  9 ball pythons
  7 endoplasms
  4 giant cockroaches
  11 goblins
  3 hobgoblins
  2 jackals (D:1)
  8 kobolds
  2 quokkas
  6 bats
  5 frilled lizards
  A rat (D:2)
143 creatures vanquished.

Vanquished Creatures (collateral kills)
  A wight (D:7)
  2 gnolls (D:7)
  A dart slug (D:2)
  An orc (D:4)
  An endoplasm (D:1)
  A ball python (D:3)
  A rat (D:1)
8 creatures vanquished.

Vanquished Creatures (others)
  A bullfrog zombie (D:7)
  A scorpion zombie (D:7)
  2 gnoll zombies (D:7)
  A demonic plant (D:4)
5 creatures vanquished.

Grand Total: 156 creatures vanquished

Notes
Turn   | Place    | Note
-------+----------+-------------------------------------------
     0 | D:1      | zishaf the Human Necromancer began the quest for the Orb.
     0 | D:1      | Reached XP level 1. HP: 13/13 MP: 3/3
   161 | D:1      | Reached XP level 2. HP: 20/20 MP: 3/5
   235 | D:1      | Reached skill level 1 in Fighting
   645 | D:1      | Reached XP level 3. HP: 26/26 MP: 4/6
   889 | D:2      | Found a sparkling altar of Nemelex Xobeh.
   938 | D:2      | Noticed Sigmund
  1232 | D:2      | Reached XP level 4. HP: 32/32 MP: 5/7
  1404 | D:2      | Identified the ring of Nelakure {Fire rPois Int+4 Slay+3}
  1429 | D:2      | Reached skill level 1 in Shields
  1539 | D:2      | Found the +3 pair of mountain boots {steadfast, rC+}
  1810 | D:2      | Noticed Natasha
  1817 | D:2      | Killed Natasha
  2157 | D:2      | Killed Sigmund
  2158 | D:2      | Reached skill level 5 in Necromancy
  2158 | D:2      | Reached XP level 5. HP: 28/40 MP: 1/9
  2158 | D:2      | Reached XP level 6. HP: 32/46 MP: 1/10
  2162 | D:2      | Learned a level 3 spell: Vampiric Draining
  2167 | D:2      | Learned a level 4 spell: Animate Dead
  2275 | D:2      | Found a sparkling altar of Nemelex Xobeh.
  2776 | D:2      | Noticed Natasha
  2784 | D:2      | Killed Natasha
  3204 | D:2      | Found a sparkling altar of Nemelex Xobeh.
  3219 | D:2      | Noticed Natasha
  3226 | D:2      | Killed Natasha
  3939 | D:3      | Found a faded altar of an unknown god.
  3940 | D:3      | Found a hazy altar of Hepliaklqana.
  3940 | D:3      | Noticed Jessica
  3947 | D:3      | Reached XP level 7. HP: 52/52 MP: 4/11
  3952 | D:3      | Killed Jessica
  4099 | D:3      | Noticed Terence
  4106 | D:3      | Killed Terence
  4808 | D:4      | Found an iron altar of Okawaru.
  5459 | D:5      | Entered Level 5 of the Dungeon
  5459 | D:5      | Noticed Eustachio
  5684 | D:5      | Found a broken altar of Ashenzari.
  5992 | D:5      | Reached skill level 6 in Necromancy
  6038 | D:5      | Found a white marble altar of Elyvilon.
  6058 | D:5      | Reached XP level 8. HP: 61/61 MP: 0/12
  6574 | D:5      | Noticed Dowan
  6592 | D:5      | Killed Dowan
  6593 | D:5      | Reached skill level 5 in Fighting
  6595 | D:5      | Noticed Duvessa
  6605 | D:5      | Killed Duvessa
  6606 | D:5      | Reached skill level 5 in Shields
  6675 | D:5      | Found a glowing golden altar of the Shining One.
  6922 | D:5      | Killed Eustachio
  6923 | D:5      | Reached skill level 7 in Necromancy
  7130 | D:6      | Reached XP level 9. HP: 69/69 MP: 5/13
  7570 | D:6      | Got the Tractate on Violent Convocation
  7664 | D:5      | Reached skill level 8 in Necromancy
  8052 | D:6      | Found a stormy altar of Qazlal.
  8613 | D:7      | Found a staircase to the Ecumenical Temple.
  8622 | Temple   | Entered the Ecumenical Temple
  8633 | Temple   | Became a worshipper of Kikubaaqudgha
  8715 | D:7      | Found an ornate altar of the Wu Jian Council.
  8724 | D:7      | Found an opulent altar of Gozag.
  8754 | D:7      | Reached skill level 9 in Necromancy
  8834 | D:7      | HP: 3/70 [something/bolt of acid (5)]
  8888 | D:7      | Reached XP level 10. HP: 16/77 MP: 10/14
  8888 | D:7      | HP: 2/77 [something/bolt of acid (15)]
  8926 | D:7      | Identified the +4 ring mail of the Orcish Mines {Int+4}
  8939 | D:7      | Found a flagged portal.
  8962 | Bailey   | Entered a bailey
  8977 | Bailey   | Reached * piety under Kikubaaqudgha
  8977 | Bailey   | Received a gift from Kikubaaqudgha
  9004 | Bailey   | Slain by a gnoll

Illustrated notes

Levels and vault maps discovered:
D:1:      roderic_crossed_star, layout_basic
D:2:      layout_basic, basic_altar, kennysheep_generic_room_9, uniq_sigmund,
          uniq_natasha
D:3:      layout_loops_ring, beargit_hepliaklqana_dungeon_heroes, uniq_jessica,
          uniq_terence
D:4:      layout_basic, kennysheep_okawaru_gauntlet, serial_demonic,
          serial_demonic_c, serial_demonic_d, serial_demonic_b,
          serial_demonic_b, serial_demonic_a, grunt_ministairs_8,
          abandoned_shop, hangedman_decor_lopped, minivault_23,
          hangedman_glass_teeth
D:5:      layout_rooms, nicolae_tso_swordbearing_angel, general_overflow_altar,
          lemuel_doored_altar, uniq_eustachio, uniq_duvessa
D:6:      layout_loops_ring, grunt_qazlal_clouds, due_unseen_surprise
D:7:      layout_rooms, grunt_gozag_statues, nicolae_wu_jian_wuxing_cycle,
          led_sif_pool, kennysheep_little_box,
          minmay_temple_entry_statues_fountains, enter_bailey_3
Temple:   nicolae_temple_bog_church
Bailey:   bailey_polearm_gnolls_kennysheep, bailey

Skill      XL: |  1  2  3  4  5  6  7  8  9 |
---------------+----------------------------+-----
Fighting       | 1 2 3 4 5 8 |  8.3
Shields        | 2 3 4 5 |  5.0
Spellcasting   | 3 |  3.0
Necromancy     | 5 6 7 9 |  9.3
Dodging        | |  2.0
Stealth        | |  2.0
Evocations     | |  0.5

Action                   |  1- 3 |  4- 6 |  7- 9 | 10-12 || total
-------------------------+-------+-------+-------+-------++-------
Melee: Short sword       |     9 |    11 |   267 |    31 ||   318
Throw: Javelin           |       |     2 |     2 |       ||     4
       Dart              |       |       |    11 |       ||    11
 Cast: Necrotise         |    42 |    53 |   103 |     5 ||   203
       Vampiric Draining |       |       |    64 |     6 ||    70
       Animate Dead      |       |       |     1 |       ||     1
  Use: Scroll            |       |       |    14 |       ||    14
       Potion            |       |       |     4 |       ||     4
 Stab: Distracted        |       |       |     1 |       ||     1
Armor: Robe              |     3 |     7 |    36 |       ||    46
       Ring mail         |       |       |   166 |    12 ||   178
Dodge: Dodged            |    16 |    17 |   189 |    23 ||   245
Block: Buckler           |     1 |     3 |   111 |    18 ||   133

Table legend: (Time is in decaauts)
 A = Elapsed time spent in this place.
 B = Non-inter-level travel time spent in this place.
 C = Inter-level travel time spent in this place.
 D = Time resting spent in this place.
 E = Time spent auto-exploring this place.
 F = Levels seen in this place.
 G = Mean time per level.
                   A        B        C        D        E       F      G
               +--------+--------+--------+--------+--------+-----+--------+
         Total |   9202 |   8749 |    453 |    466 |   6623 |   9 | 1022.4 |
       Dungeon |   9132 |   8679 |    453 |    466 |   6623 |   7 | 1304.6 |
        Temple |     26 |     26 |      0 |      0 |      0 |   1 |   26.0 |
        Bailey |     43 |     43 |      0 |      0 |      0 |   1 |   43.0 |
               +--------+--------+--------+--------+--------+-----+--------+

Top non-repeatable levels by time:
     D:2: 2780 daAuts
     D:5: 1417 daAuts
     D:4: 1275 daAuts
     D:6: 1255 daAuts
     D:3: 1163 daAuts
     D:1: 912 daAuts
     D:7: 328 daAuts
  Bailey: 43 daAuts
  Temple: 26 daAuts
